 Dungeon Crawl Stone Soup version 0.26-a0-466-g989023bd0d (webtiles) character file.

Game seed: 7019621222294875832

272224 vatarom the Black Belt (level 19, -1/202 HPs)
             Began as a Yellow Draconian Transmuter on Aug 10, 2020.
             Was the Champion of Ashenzari.
             Slain by a spriggan berserker
             ... wielding a +5 antimagic hand axe
             ... led by the Enchantress
              (20 damage)
             ... on level 2 of the Depths.
             The game lasted 01:26:51 (47951 turns).

vatarom the Black Belt (DrTm)                      Turns: 47951, Time: 01:26:51

Health: -1/202     AC: 26    Str: 20    XL:     19   Next: 47%
Magic:  19/32      EV: 28    Int: 12    God:    Ashenzari [******]
Gold:   1498       SH:  5    Dex: 17    Spells: 15/43 levels left

rFire    + . .     SeeInvis +     - Unarmed
rCold    . . .     Faith    .   (no shield)
rNeg     + + +     Spirit   .   (armour unavailable)
rPois    ∞         Reflect  +   F - +1 hat {MR+} (curse)
rElec    +         Harm     .   g - +0 cloak (curse)
rCorr    +         Clarity  +   (gloves currently unavailable)
MR       +....                  (boots currently unavailable)
Stlth    +.........             W - amulet of Qiv Tic {Reflect rF+ Str+8 Int-5 SH+5 Stlth-} (curse)
HPRegen  0.43/turn              v - +4 ring of evasion (curse)
MPRegen  0.23/turn              J - ring of Axosarr {rPois rN++ Slay+6} (curse)

@: about to teleport, statue-form, vulnerable, very slow
A: (spit acid), unfitting armour, antennae 1, stinger 1, frail 1, low mp 1,
poison resistance, acidic bite, cold-blooded, subdued magic 1, acid resistance,
AC +10
}: 2/15 runes: serpentine, barnacled
a: End Transformation, Curse Item, Scrying, Transfer Knowledge, Renounce
Religion


You were on level 2 of the Depths.
You worshipped Ashenzari.
Ashenzari was exalted by your worship.
You were a stone statue.
You visited 7 branches of the dungeon, and saw 34 of its levels.

You collected 2999 gold pieces.
You spent 1501 gold pieces at shops.

Inventory:

Missiles
 q - 51 javelins (quivered)
 E - 7 throwing nets {!f}
Armour
 g - a cursed +0 cloak (worn)
 y - a cursed +0 pair of boots (melded)
 C - a cursed +2 pair of gloves (melded)
 F - a cursed +1 hat of magic resistance (worn)
Jewellery
 m - a cursed ring of protection from magic
 v - a cursed +4 ring of evasion (left hand)
 w - a cursed ring of wizardry
 J - the cursed ring of Axosarr (right hand) {rPois rN++ Slay+6}
   (You found it on level 10 of the Dungeon)

   [ring of poison resistance]

   It affects your accuracy and damage with ranged weapons and melee attacks
   (+6).
   It protects you from poison.
   It greatly protects you from negative energy.
   It has a curse placed upon it.
 W - the cursed amulet of Qiv Tic (around neck) {Reflect rF+ Str+8 Int-5 SH+5 Stlth-}
   (You bought it in a shop on level 4 of the Snake Pit)

   [amulet of reflection]

   It shields you and reflects attacks.
   It affects your strength (+8).
   It affects your intelligence (-5).
   It protects you from fire.
   It affects your SH (+5).
   It makes you less stealthy.
   It has a curse placed upon it.
Wands
 l - a wand of flame (31)
 p - a wand of iceblast (18) {@v4}
 L - a wand of random effects (110)
 M - a wand of acid (32) {@v2}
 O - a wand of clouds (1) {@v3}
 P - a wand of disintegration (4)
 R - a wand of digging (7) {@v1}
 Y - a wand of paralysis (15)
Scrolls
 b - 3 scrolls of remove curse {@r2}
 n - a scroll of silence
 r - 6 scrolls of amnesia
 D - 3 scrolls of brand weapon
 I - a scroll of fog
 K - 15 scrolls of identify {@r1}
 Q - 2 scrolls of blinking {@r4}
 S - 7 scrolls of enchant armour
 T - a scroll of summoning
 X - 6 scrolls of magic mapping
Potions
 a - 7 potions of magic
 d - 4 potions of haste {@q3}
 e - 6 potions of curing {@q1}
 h - 7 potions of might {@q4}
 j - 2 potions of stabbing
 s - 2 potions of cancellation
 u - 5 potions of brilliance {@q6}
 x - a potion of berserk rage
 z - a potion of invisibility
 A - 2 potions of resistance
 N - 3 potions of flight
Miscellaneous
 V - 2 phantom mirrors


   Skills:
 * Level 16.9 Fighting
 - Level 11.2(15.4) Dodging
 + Level 18.7 Unarmed Combat
 - Level 12.6 Spellcasting
 - Level 14.2(18.2) Transmutations
 - Level 5.6(10.1) Ice Magic
 + Level 11.5(15.7) Earth Magic


You had 15 spell levels left.
You knew the following spells:

 Your Spells              Type           Power        Failure   Level
a - Beastly Appendage     Tmut           #####.       0%          1
b - Wereblood             Tmut           #####...     0%          2
c - Spider Form           Tmut/Pois      ###.......   1%          3
d - Ice Form              Ice/Tmut       ####....     1%          4
e - Blade Hands           Tmut           #####.....   1%          5
f - Dragon Form           Tmut           #####.....   3%          7
g - Statue Form           Tmut/Erth      #####....    1%          6

Your spell library contained the following spells:

 Spells                   Type           Power        Failure   Level
 Sandblast                Erth           ####..       0%          1
 Passwall                 Tmut/Erth      #####...     0%          2
 Ensorcelled Hibernation  Hex/Ice        ###...       1%          2
 Stone Arrow              Conj/Erth      ###...       1%          3
 Petrify                  Tmut/Erth      #####...     1%          4
 Lee's Rapid Deconstruct  Erth           ####......   1%          5
 Hydra Form               Tmut           #####.....   1%          6
 Leda's Liquefaction      Hex/Erth       ###.......   2%          4
 Alistair's Intoxication  Tmut/Pois      ###......    4%          5
 Irradiate                Conj/Tmut      ###.......   4%          5
 Yara's Violent Unravell  Hex/Tmut       ###.......   4%          5
 Animate Skeleton         Necr           #.....       5%          1
 Apportation              Tloc           #.....       5%          1
 Corona                   Hex            #......      5%          1
 Magic Dart               Conj           #...         5%          1
 Pain                     Necr           #...         5%          1
 Shock                    Conj/Air       #...         5%          1
 Borgnjor's Vile Clutch   Necr/Erth      ###.......   7%          5
 Poisonous Vapours        Pois/Air       #.....       9%          2
 Searing Ray              Conj           #.....       9%          2
 Slow                     Hex            #.......     9%          2
 Swiftness                Air            #.......     9%          2
 Confusing Touch          Hex            #.......     17%         3
 Conjure Flame            Conj/Fire      #.......     17%         3
 Dazzling Flash           Conj/Hex       #.....       17%         3
 Gell's Gravitas          Tloc           #.........   17%         3
 Inner Flame              Hex/Fire       #.......     17%         3
 Lesser Beckoning         Tloc           #.........   17%         3
 Mephitic Cloud           Conj/Pois/Air  #.......     17%         3
 Portal Projectile        Hex/Tloc       #.....       17%         3
 Static Discharge         Conj/Air       #.......     17%         3
 Tukima's Dance           Hex            #.......     17%         3
 Vampiric Draining        Necr           #.........   17%         3
 Metabolic Englaciation   Hex/Ice        ###.......   22%         5
 Airstrike                Air            #.........   52%         4
 Animate Dead             Necr           #.........   52%         4
 Cause Fear               Hex            #.........   52%         4
 Fulminant Prism          Conj/Hex       #.........   52%         4
 Iskenderun's Mystic Bla  Conj/Tloc      #.......     52%         4
 Simulacrum               Ice/Necr       ###.......   80%         6
 Agony                    Necr           #.......     86%         5
 Lightning Bolt           Conj/Air       #.........   86%         5
 Freezing Cloud           Conj/Ice/Air   ##........   95%         6
 Death Channel            Necr           #.........   100%        6
 Invisibility             Hex            #.......     100%        6
 Ignition                 Fire           #.........   100%        8
 Shatter                  Erth           ####......   100%        9
 Tornado                  Air            #.........   100%        9


Dungeon Overview and Level Annotations

Branches:
Dungeon (15/15)            Temple (1/1) D:6            Lair (6/6) D:8
 Shoals (4/4) Lair:4        Snake (4/4) Lair:4        Slime (0/5) Lair:5
    Orc (2/2) D:12            Elf (0/3) Orc:2        Vaults (0/5) D:13
 Depths (2/5) D:15

Altars:
Ashenzari
Cheibriados
Dithmenos
Elyvilon
Fedhas
Gozag
Hepliaklqana
Kikubaaqudgha
Makhleb
Nemelex Xobeh
Okawaru
Qazlal
Ru
Sif Muna
Trog
Uskayaw
Vehumet
Wu Jian
Xom
Yredelemnul
Zin
The Shining One

Shops:
D:7 =   D:9 (   D:10 *   Orc:2 :(!([   Shoals:2 *   Snake:1 ***[   Snake:4 !=}=

Portals:
Hell: Depths:1

Annotations:
D:4 2 transporters
D:6 1 runed translucent door, Ashen's ghost, novice OgWz
Lair:2 3 runed translucent doors, Gibetzo's ghost, journeyman GnSk
Shoals:4 exclusion: Roxanne, Roxanne
Depths:2 Mara; the Enchantress


Innate Abilities, Weirdness & Mutations

((You can spit globs of acid.))
((Your golden yellow scales are hard. (AC +10)))
You cannot fit into any form of body armour.
You have acidic saliva.
You are cold-blooded and may be slowed by cold attacks.
You are resistant to acid. (rCorr)
You have a pair of small antennae on your head.
Your tail ends in a poisonous barb.
You are frail. (-10% HP)
Your magical capacity is low. (-10% MP)
Your system is resistant to poisons. (rPois)
Your spells are a little easier to cast, but a little less powerful.


Message History

Mara blinks!
The two-headed ogre closely misses you. You block the two-headed ogre's attack.
The spriggan defender hits you but does no damage.
Unknown command.
You barely miss the spriggan berserker. You tail-slap the spriggan berserker!
The spriggan berserker is poisoned.
The spriggan berserker is almost dead.
You block the polar bear's attack.
The polar bear claws you but does no damage. x2
The spriggan berserker hits you but does no damage.
The death yak rages.
The spriggan defender closely misses you.
The spriggan air mage waves its arms in wide circles.
The air twists around and strikes you!
* * * LOW HITPOINT WARNING * * *
The polar bear completely misses you. The polar bear barely misses you.
The polar bear misses you. The two-headed ogre closely misses you.
The two-headed ogre barely misses you.
The spriggan berserker hits you with a +5 antimagic hand axe!!
You die...

#.............,,......, ,
,, #...<...#*....,,..R...
** ,, ##.....##
....,,......,,,** ,*
##...####....##...... , ,
* #...†##...##........ ,
,,* ##.......##...CO.....
, * ,
#.......#..O#OYRO.... *
,, ##.......#..i#iOii....
,*,,,
#.....#...#.O8#{{{{... ,
**
###...#...#.h.#{{{....,,,
≈ ##...#...#.####{.### ,
* ≈≈ #...#...#.# ### * ≈≈
#.....##### ** #...##., ,
####(,. * , ,. .. *** **
* , , ,,* , , *** ,


You could see 2 Maras, a death yak (summoned, berserk), a spriggan defender, an
ettin, 3 two-headed ogres, an ogre mage (invisible), 2 spriggan berserkers, a
spriggan air mage (repels missiles), a polar bear (summoned, berserk) and 2
ogres.

Vanquished Creatures
  Jorgrun (Orc:1)
  Rupert (Lair:3)
  Polyphemus (Shoals:4)
  Gastronok (D:9)
  Frances (D:13)
  Ilsuiw (Shoals:2)
  7 nagarajas
  A tengu reaver (Depths:1)
  A frost giant (Shoals:4)
  Aizul (Snake:4)
  Louise (D:14)
  2 spriggan defenders (Depths:2)
  A stone giant (Depths:1)
  A dire elephant (D:15)
  14 merfolk impalers
  3 fire dragons
  Josephine (Lair:5)
  6 merfolk javelineers
  Fannar (Lair:3)
  A rakshasa (D:15)
  5 great orbs of eyes (Depths:1)
  Harold (D:8)
  4 vault guards (D:13)
  20 naga warriors
  2 catoblepae
  2 ice dragons (Depths:1)
  6 hydras
  17 anacondas
  7 merfolk aquamancers
  5 two-headed ogres
  3 centaur warriors (D:13)
  A death knight (D:15)
  4 merfolk avatars
  3 satyrs
  2 deep troll earth magi
  14 death yaks
  An orc high priest (Orc:2)
  6 tengu warriors
  A deep troll shaman (D:15)
  Urug (D:13)
  18 naga sharpshooters
  9 shock serpents
  Sonja (Lair:2)
  3 salamander mystics
  5 unseen horrors
  A deep troll (shapeshifter) (D:13)
  3 deep trolls (D:15)
  10 sea snakes
  A lindwurm (Lair:6)
  5 naga ritualists
  A glowing orange brain (shapeshifter) (D:15)
  A wizard (Depths:1)
  19 harpies
  Pikel (D:6)
  3 orc knights (Orc:1)
  An oklob plant (Lair:6)
  6 orc sorcerers
  6 mana vipers
  2 shining eyes (Depths:1)
  A deep elf mage (D:12)
  11 fauns
  7 cyclopes
  6 salamanders
  26 ugly things
  8 manticores
  5 elephants (Lair:3)
  12 water nymphs
  46 black mambas
  An eye of devastation (Depths:1)
  15 guardian serpents
  27 naga magi
  3 molten gargoyles (Lair:6)
  11 merfolk sirens
  2 centaur skeletons (D:14)
  4 gargoyles
  7 cane toads
  2 cane toads (shapeshifter)
  16 komodo dragons
  A yaktaur (Depths:1)
  3 meliai (D:13)
  8 trolls
  A tengu conjurer (Shoals:1)
  39 merfolk
  5 wind drakes
  Grinder (D:5)
  A hornet (D:11)
  Prince Ribbit (D:8)
  13 slime creatures
  14 dream sheep
  7 snapping turtles
  A raiju (shapeshifter) (Depths:1)
  6 blink frogs
  A harpy skeleton (D:13)
  7 hippogriffs
  A shadow (D:12)
  A vampire (D:15)
  A spriggan (Depths:2)
  19 water elementals
  5 wraiths
  46 yaks
  A wyvern (shapeshifter) (D:15)
  5 wyverns
  3 steam dragons (Lair:6)
  4 basilisks (Lair:6)
  3 golden eyes (Depths:1)
  11 vampire mosquitoes
  A warg (shapeshifter) (D:14)
  2 wargs (Orc:1)
  74 nagas
  An acid dragon (D:12)
  2 soldier ants
  15 water moccasins
  A floating eye (Depths:1)
  5 hell hounds (Lair:6)
  A black bear (D:11)
  9 porcupines
  3 ice beasts
  Purgy (D:4)
  4 phantoms
  6 sky beasts
  2 necrophages
  26 orc warriors
  An eye of draining (Depths:1)
  17 ogres
  13 wolves
  3 boggarts (D:13)
  5 crocodiles
  19 centaurs
  4 lemures (D:6)
  4 big kobolds
  A gnoll sergeant (D:8)
  18 bullfrogs
  A wyvern skeleton (D:14)
  8 killer bees
  6 scorpions
  3 howler monkeys
  6 wights
  A crimson imp (D:5)
  2 bullfrog zombies
  5 centaur zombies
  7 jellies
  5 lava snakes (Lair:6)
  A quasit (D:9)
  6 hounds
  18 orc priests
  29 orc wizards
  A gnoll shaman (D:8)
  4 iguanas
  2 bullfrog skeletons
  12 worker ants
  Robin (D:3)
  2 howler monkey skeletons
  19 gnolls
  12 adders
  2 shadow imps
  5 white imps
  2 ufetubi (D:5)
  2 oozes (D:4)
  An adder zombie (D:5)
  2 adder skeletons (D:4)
  7 worms
  5 dart slugs
  5 leopard geckos
  67 orcs
  5 ball pythons
  5 giant cockroaches
  17 goblins
  2 hobgoblins
  14 jackals
  9 quokkas
  5 bats
  7 frilled lizards
  A giant cockroach zombie (D:5)
  A jackal zombie (D:5)
  23 kobolds
  A leopard gecko zombie (D:5)
  9 rats
  2 bushes (Lair:6)
  A plant (Shoals:1)
1256 creatures vanquished.

Vanquished Creatures (others)
  An anaconda (Snake:4)
  A naga (Snake:2)
  2 orc wizards (Orc:2)
  A giant cockroach (D:1)
  A frilled lizard (D:1)
  A bush (Lair:6)
  11 fungi
  20 plants
38 creatures vanquished.

Grand Total: 1294 creatures vanquished

Notes
Turn   | Place    | Note
-------+----------+-------------------------------------------
     0 | D:1      | vatarom the Draconian Transmuter began the quest for the
                  | Orb.
     0 | D:1      | Reached XP level 1. HP: 16/16 MP: 3/3
   406 | D:1      | Reached XP level 2. HP: 20/23 MP: 3/5
   460 | D:1      | Learned a level 2 spell: Wereblood
   928 | D:2      | Reached XP level 3. HP: 14/28 MP: 4/6
  1159 | D:2      | Reached skill level 4 in Unarmed Combat
  1254 | D:2      | Reached XP level 4. HP: 35/35 MP: 3/7
  1262 | D:2      | Learned a level 3 spell: Spider Form
  1501 | D:2      | Found a faded altar of an unknown god.
  1727 | D:2      | Found a white marble altar of Elyvilon.
  1728 | D:2      | Found a glowing silver altar of Zin.
  1729 | D:2      | Found a glowing golden altar of the Shining One.
  2136 | D:3      | Reached XP level 5. HP: 38/40 MP: 4/8
  2718 | D:3      | Noticed Robin
  2725 | D:3      | Killed Robin
  2976 | D:4      | Noticed a phantom
  2977 | D:4      | Found a transporter.
  3031 | D:3      | Killed a phantom
  3031 | D:3      | Reached XP level 6. HP: 33/51 MP: 5/9
  3205 | D:4      | Reached skill level 5 in Transmutations
  3419 | D:4      | Noticed Purgy
  3452 | D:4      | Killed Purgy
  3452 | D:4      | Your scales start taking on a golden yellow colour.
  3452 | D:4      | Reached XP level 7. HP: 35/60 MP: 1/10
  3452 | D:4      | Gained mutation: You are resistant to acid. (rCorr) [Yellow
                  | Draconian growth]
  3779 | D:4      | Reached skill level 5 in Fighting
  3995 | D:4      | Found a transporter.
  3996 | D:4      | Noticed a fire bat
  4028 | D:5      | Entered Level 5 of the Dungeon
  4069 | D:5      | Learned a level 4 spell: Ice Form
  4248 | D:5      | Got a glimmering flail
  4255 | D:5      | Identified the +5 flail of Boran {speed, rN+ MP+9 Str+4}
                  | (You found it on level 5 of the Dungeon)
  4303 | D:5      | Noticed Grinder
  4306 | D:5      | Paralysed by Grinder for 6 turns
  4339 | D:5      | Reached skill level 1 in Ice Magic
  4346 | D:5      | Paralysed by Grinder for 5 turns
  4370 | D:5      | Paralysed by Grinder for 3 turns
  4381 | D:5      | Killed Grinder
  4381 | D:5      | Reached XP level 8. HP: 70/70 MP: 1/11
  4567 | D:5      | Found a sparkling altar of Nemelex Xobeh.
  4683 | D:5      | Found a bloodstained altar of Trog.
  4729 | D:5      | Found a radiant altar of Vehumet.
  4730 | D:5      | Found a burning altar of Makhleb.
  5392 | D:5      | Reached skill level 5 in Ice Magic
  5770 | D:6      | Found a staircase to the Ecumenical Temple.
  5782 | D:6      | Reached skill level 5 in Unarmed Combat
  5790 | Temple   | Entered the Ecumenical Temple
  6035 | Temple   | Became a worshipper of Ashenzari the Shackled
  6233 | D:6      | Found a runed translucent door.
  6233 | D:6      | Noticed Ashen's ghost (novice OgWz)
  6297 | D:6      | Noticed Pikel
  6324 | D:6      | Killed Pikel
  6324 | D:6      | Reached skill level 6 in Unarmed Combat
  6324 | D:6      | Reached XP level 9. HP: 44/75 MP: 9/12
  6575 | D:6      | Found a sacrificial altar of Ru.
  6667 | D:6      | Found a stormy altar of Qazlal.
  6743 | D:7      | Found Qucroune's Jewellery Boutique.
  7249 | D:7      | Reached skill level 7 in Unarmed Combat
  7409 | D:7      | Learned a level 5 spell: Blade Hands
  7526 | D:7      | Found a shimmering altar of Xom.
  7848 | D:8      | Noticed Prince Ribbit
  7849 | D:8      | Noticed a two-headed ogre
  7857 | D:8      | Killed a two-headed ogre
  8082 | D:8      | Reached XP level 10. HP: 83/83 MP: 15/15
  8155 | D:8      | Found a staircase to the Lair.
  8264 | D:8      | Reached * piety under Ashenzari
  8328 | D:8      | Reached skill level 8 in Unarmed Combat
  8330 | D:8      | Reached skill level 5 in Dodging
  8515 | D:8      | Killed Prince Ribbit
  8753 | D:8      | Noticed Harold
  8769 | D:8      | Killed Harold
  8805 | D:8      | Noticed a two-headed ogre
  8816 | D:8      | Killed a two-headed ogre
  8816 | D:8      | Reached skill level 9 in Unarmed Combat
  8894 | D:8      | Gained mutation: You are clumsy. (Dex -2) [mutagenic glow]
  9541 | D:9      | Found Rih Suk's Antique Weapon Shoppe.
  9670 | D:9      | Found a shadowy altar of Dithmenos.
  9748 | D:9      | Reached XP level 11. HP: 51/89 MP: 8/16
 10105 | D:9      | Noticed Gastronok
 10129 | D:9      | Killed Gastronok
 10412 | D:9      | Found an ancient bone altar of Kikubaaqudgha.
 10468 | D:9      | Found an ornate altar of the Wu Jian Council.
 10475 | D:9      | Reached ** piety under Ashenzari
 10944 | D:10     | Entered Level 10 of the Dungeon
 11389 | D:10     | Found Plog's Elemental Accessories.
 12032 | D:10     | Identified the ring of Axosarr {rPois rN++ Slay+6}
 12270 | D:11     | Reached skill level 5 in Spellcasting
 12585 | Lair:1   | Entered Level 1 of the Lair of Beasts
 13042 | Lair:1   | Reached *** piety under Ashenzari
 13065 | Lair:1   | Noticed a six-headed hydra
 13072 | Lair:1   | Killed a six-headed hydra
 13313 | Lair:1   | Reached skill level 10 in Transmutations
 13319 | Lair:1   | Reached XP level 12. HP: 104/104 MP: 20/20
 13771 | Lair:2   | Noticed Sonja
 13775 | Lair:2   | Killed Sonja
 13825 | Lair:2   | Found a runed translucent gate.
 13825 | Lair:2   | Found a runed translucent gate.
 13825 | Lair:2   | Found a runed translucent gate.
 14170 | Lair:2   | Reached skill level 10 in Unarmed Combat
 14834 | Lair:2   | Noticed Gibetzo's ghost (journeyman GnSk)
 14835 | Lair:2   | Identified the ring of Doubts {Fire rElec rPois Int-5}
 14836 | Lair:2   | Noticed an ice dragon
 15124 | Lair:3   | Noticed Rupert
 15134 | Lair:3   | Paralysed by Rupert for 7 turns
 15544 | Lair:3   | Noticed a death yak
 15550 | Lair:3   | Killed a death yak
 15550 | Lair:3   | Reached skill level 11 in Unarmed Combat
 15551 | Lair:3   | Noticed a death yak
 15552 | Lair:3   | Noticed a death yak
 15552 | Lair:3   | Noticed a death yak
 15552 | Lair:3   | Noticed a death yak
 15577 | Lair:3   | Killed a death yak
 15583 | Lair:3   | Killed a death yak
 15588 | Lair:3   | Killed a death yak
 15592 | Lair:3   | Killed a death yak
 15633 | Lair:3   | Learned a level 7 spell: Dragon Form
 15958 | Lair:3   | Identified the +2 hat "Rufoxzeo" {Int+5}
 15980 | Lair:3   | Noticed Fannar
 15993 | Lair:3   | Killed Fannar
 15993 | Lair:3   | Reached XP level 13. HP: 111/111 MP: 19/23
 16076 | Lair:3   | Killed Rupert
 16303 | Lair:3   | Reached **** piety under Ashenzari
 16599 | Lair:4   | Identified the amulet "Irchiefi" {Spirit MR+}
 16629 | Lair:4   | Found a staircase to the Shoals.
 17093 | Lair:4   | Reached skill level 10 in Fighting
 17129 | Lair:4   | Found a staircase to the Snake Pit.
 18108 | Lair:5   | Noticed Josephine
 18119 | Lair:5   | Killed Josephine
 18519 | Lair:5   | Found a staircase to the Slime Pits.
 18602 | Lair:5   | Reached ***** piety under Ashenzari
 19421 | Lair:6   | Entered Level 6 of the Lair of Beasts
 20162 | Lair:6   | HP: 6/136 [four-headed hydra (3)]
 21181 | Lair:6   | Gained mutation: You have acidic saliva. [Yellow Draconian
                  | growth]
 21181 | Lair:6   | Reached XP level 14. HP: 77/122 MP: 24/24
 21517 | Lair:6   | Found an iron altar of Okawaru.
 21877 | Lair:6   | Found a large runed translucent door.
 21878 | Lair:6   | Found a large runed translucent door.
 22021 | Lair:6   | Reached skill level 10 in Dodging
 23190 | D:11     | Learned a level 6 spell: Statue Form
 23515 | D:12     | Gained mutation: Your magical capacity is low. (-10% MP)
                  | [mutagenic glow]
 23988 | D:12     | Found a staircase to the Orcish Mines.
 24830 | D:13     | Reached skill level 10 in Spellcasting
 24968 | D:13     | Found a gate to the Vaults.
 25125 | D:13     | Noticed Frances
 25137 | D:13     | Killed Frances
 25137 | D:13     | Reached skill level 1 in Earth Magic
 25340 | D:13     | Noticed Urug
 25349 | D:13     | Killed Urug
 25476 | D:13     | Reached XP level 15. HP: 128/128 MP: 21/26
 25573 | D:13     | Reached skill level 12 in Unarmed Combat
 26155 | D:14     | Found a shattered altar of Ashenzari.
 26954 | D:14     | Noticed Louise
 26961 | D:14     | Killed Louise
 26961 | D:14     | Reached skill level 13 in Unarmed Combat
 26961 | D:14     | Reached skill level 5 in Earth Magic
 27095 | D:15     | Entered Level 15 of the Dungeon
 27489 | D:15     | Found an opulent altar of Gozag.
 28308 | D:15     | Lost mutation: You are clumsy. (Dex -2) [potion of
                  | mutation]
 28308 | D:15     | Lost mutation: Your magical capacity is low. (-10% MP)
                  | [potion of mutation]
 28308 | D:15     | Gained mutation: You have a pair of small antennae on your
                  | head. [potion of mutation]
 28308 | D:15     | Gained mutation: Your system is resistant to poisons.
                  | (rPois) [potion of mutation]
 28308 | D:15     | Gained mutation: Your tail ends in a poisonous barb.
                  | [potion of mutation]
 28382 | D:15     | Found a staircase to the Depths.
 28604 | Orc:1    | Entered Level 1 of the Orcish Mines
 28852 | Orc:1    | Noticed Jorgrun
 28863 | Orc:1    | Killed Jorgrun
 28863 | Orc:1    | Reached skill level 14 in Unarmed Combat
 29316 | Orc:2    | Entered Level 2 of the Orcish Mines
 29380 | Orc:2    | Reached ****** piety under Ashenzari
 29433 | Orc:2    | Found Vuasair's Book Boutique.
 29490 | Orc:2    | Found a staircase to the Elven Halls.
 29550 | Orc:2    | Paralysed by an orc sorcerer for 3 turns
 30441 | Orc:2    | Found Votikish's Weapon Boutique.
 30441 | Orc:2    | Found Bydeukh's Distillery.
 30443 | Orc:2    | Found Qanedyis's Antique Armour Shop.
 30521 | Orc:2    | Found Coloki's Weapon Shop.
 30536 | Orc:2    | Bought a potion of heal wounds for 85 gold pieces
 31139 | Snake:1  | Entered Level 1 of the Snake Pit
 31145 | Snake:1  | Reached XP level 16. HP: 135/135 MP: 22/30
 31742 | Snake:1  | Reached skill level 15 in Unarmed Combat
 31917 | Snake:1  | Found Tulefev's Assorted Antiques.
 31917 | Snake:1  | Found Itoenuno's Assorted Antiques.
 31918 | Snake:1  | Found Zaheghod's Armour Shoppe.
 31922 | Snake:1  | Found War Rexo's Assorted Antiques.
 32906 | Snake:2  | Found a glowing silver altar of Zin.
 33440 | Snake:2  | Reached skill level 16 in Unarmed Combat
 33711 | Snake:3  | Got the uncursed buckler of the End {rElec rPois rF- Str+9
                  | Int-2}
 35351 | Snake:3  | Reached XP level 17. HP: 144/144 MP: 24/32
 35539 | Snake:4  | Entered Level 4 of the Snake Pit
 35582 | Snake:4  | Found Unelaek's Distillery.
 35627 | Snake:4  | Bought a potion of heal wounds for 100 gold pieces
 35627 | Snake:4  | Bought a potion of heal wounds for 100 gold pieces
 36587 | Snake:4  | Noticed Aizul
 36595 | Snake:4  | Killed Aizul
 36903 | Snake:4  | Reached skill level 17 in Unarmed Combat
 37421 | Snake:4  | Found Cabah's Jewellery Shop.
 37421 | Snake:4  | Found Estri's Jewellery Shop.
 37421 | Snake:4  | Found Weceugieri's Gadget Emporium.
 37460 | Snake:4  | Bought a phantom mirror for 630 gold pieces
 37700 | Snake:4  | Bought the amulet of Qiv Tic {Reflect rF+ Str+8 Int-5 SH+5
                  | Stlth-} for 586 gold pieces
 39068 | Snake:4  | Got a serpentine rune of Zot
 39343 | Shoals:1 | Entered Level 1 of the Shoals
 39541 | Shoals:1 | Found a flickering gateway to a bazaar.
 39555 | Shoals:1 | Reached XP level 18. HP: 157/157 MP: 29/34
 40468 | Shoals:2 | Noticed Ilsuiw
 40501 | Shoals:2 | Killed Ilsuiw
 41149 | Shoals:2 | Found Itiac's Island Escapes.
 41959 | Shoals:3 | Reached skill level 18 in Unarmed Combat
 42089 | Shoals:3 | Reached skill level 10 in Earth Magic
 42603 | Shoals:4 | Entered Level 4 of the Shoals
 42603 | Shoals:4 | Noticed Polyphemus
 42626 | Shoals:4 | Reached skill level 15 in Fighting
 42700 | Shoals:4 | Killed Polyphemus
 43412 | Shoals:4 | Identified the cursed +1 dagger of Gallantry {freeze,
                  | +Blink Int+4}
 43674 | Shoals:4 | HP: 10/214 [merfolk impaler/+5 antimagic trident (2)]
 43681 | Shoals:4 | Identified Roxanne's Almanac of Earth
 43681 | Shoals:4 | Noticed Roxanne
 43689 | Shoals:4 | HP: 7/214 [merfolk javelineer/+0 spear (9)]
 44133 | Shoals:4 | Reached XP level 19. HP: 172/172 MP: 35/35
 44721 | Shoals:4 | Got a barnacled rune of Zot
 45886 | Depths:1 | Entered Level 1 of the Depths
 46533 | Depths:1 | Identified a ring of Grace {*Drain rElec rF+ rN+++ Int+4}
 46546 | Depths:1 | Found a gateway to Hell.
 47324 | Depths:1 | Gained mutation: Your spells are a little easier to cast,
                  | but a little less powerful. [a shining eye]
 47327 | Depths:1 | Gained mutation: You are frail. (-10% HP) [a shining eye]
 47452 | Depths:1 | Gained mutation: Your magical capacity is low. (-10% MP) [a
                  | shining eye]
 47593 | Depths:1 | Paralysed by a floating eye for 4 turns
 47603 | Depths:1 | Paralysed by a floating eye for 2 turns
 47608 | Depths:1 | Paralysed by a floating eye for 2 turns
 47614 | Depths:1 | Paralysed by a floating eye for 3 turns
 47618 | Depths:1 | Paralysed by a floating eye for 4 turns
 47934 | Depths:2 | Noticed the Enchantress
 47937 | Depths:2 | Noticed Mara
 47951 | Depths:2 | Slain by a spriggan berserker

Illustrated notes

Levels and vault maps discovered:
D:1:      sevenhm_arrival_forest_fort_small_3, layout_loops_ring,
          lemuel_flame_loot_1
D:2:      layout_basic, good_gods_temple_1, chequers_ecumenical_altar_simple,
          chequers_serial_rivers_micro_d
D:3:      layout_basic, uniq_robin
D:4:      gammafunk_cloud_chamber, layout_rooms, minmay_misc_feat_iff,
          chequers_jeans, kennysheep_path_1, uniq_purgy
D:5:      kennysheep_windowed_halls, layout_cave_pools,
          grunt_temple_overflow_lords_of_destruction, kennysheep_mini_moat,
          nemelex_xobeh_ov_fountains_minmay, uniq_grinder
D:6:      layout_rooms, nicolae_qazlal_eye_of_the_storm, lemuel_doored_altar,
          minmay_temple_entry_overgrown, gammafunk_ghost_grave, uniq_pikel
D:7:      layout_gridville, lemuel_coloured_pillars_altar, serial_shops,
          nicolae_shop_waterfront
D:8:      layout_gridville, dpeg_oklobed_lair, uniq_prince_ribbit1, uniq_harold
D:9:      layout_irregular_city, nicolae_dithmenos_through_a_glass_darkly,
          kennysheep_mini, kiku_gazebo_pond_becter, serial_shops, shop,
          uniq_gastronok
D:10:     layout_gridville, nicolae_elemental_shop
D:11:     layout_roguey
D:12:     layout_irregular_city, orc_david_3
D:13:     layout_roguey, lightli_vaults_fourway_checkpoint, grunt_potential,
          uniq_urug, uniq_frances
D:14:     layout_roguey, basic_altar, abandoned_shop, uniq_louise
D:15:     hangedman_depths_entry_try_elsewhere_first, layout_gridville,
          grunt_gozag_breadcrumbs
Temple:   jpeg_temple_island
Lair:1:   layout_cave_pods
Lair:2:   layout_roguey, gammafunk_ghost_icy, serial_bayou_shore_b, uniq_sonja
Lair:3:   layout_loops_ring, serial_bayou_pond_a, uniq_fannar, uniq_rupert
Lair:4:   layout_layer_cave, minmay_shoals_entry_hut, dummy_snake_entry
Lair:5:   layout_small_grid, minmay_slime_entry_pillars, serial_bayou_shore_a,
          grunt_megastairs_1, uniq_josephine
Lair:6:   cheibrodos_lair_end_hotspot, layout_misc_corridors, minmay_hedge_maze,
          lemuel_oklob_altar
Shoals:1: layout_shoals, serial_shops, bzr_entry_dummy, kb_tengu_band
Shoals:2: layout_shoals, nicolae_island_escapes, uniq_ilsuiw
Shoals:3: layout_shoals, nicolae_shoals_wave_tunnel
Shoals:4: shoals_end_grunt_ice, layout_shoals, ldierk_geyser, uniq_polyphemus,
          uniq_roxanne
Snake:1:  layout_misc_corridors, st_stairs_9, minmay_shoptagon
Snake:2:  layout_cave_town, basic_altar, grunt_ministairs_3
Snake:3:  layout_chambers, hangedman_snake_corridor_cut, grunt_megastairs_4
Snake:4:  grunt_snake_rune_serpentine_throne, layout_cave_pods, serial_shops,
          shop, drop_trap, minmay_shop_grove, uniq_aizul
Orc:1:    layout_caves, uniq_jorgrun
Orc:2:    st_orc_mages, layout_caves, serial_shops, shop
Depths:1: layout_forbidden_donut, hell_entry, solitary_fountain,
          hangedman_eye_storm
Depths:2: mu_elemental_laboratory, layout_cave_shapes, enter_ziggurat_e,
          serial_sigils, serial_sigils_hangedman_scratch,
          serial_sigils_hangedman_snap, serial_sigils_hangedman_stare,
          serial_sigils_hangedman_quiver, serial_sigils_hangedman_gnaw,
          pan_entry, hell_entry, uniq_enchantress, uniq_sojobo, uniq_mara

Skill      XL: |  1  2  3  4  5  6  7  8  9 10 11 12 13 14 15 16 17 18 19 |
---------------+----------------------------------------------------------+-----
Unarmed Combat | 4 6 7 9 11 14 16 17 18 | 18.7
Transmutations | 3 4 5 6 7 10 11 14 | 14.2
Fighting       | 3 4 5 9 10 11 13 15 16 | 16.9
Ice Magic      | 2 5 |  5.6
Spellcasting   | 3 5 7 10 11 12 | 12.6
Dodging        | 4 8 9 11 | 11.2
Earth Magic    | 2 7 9 10 11 | 11.5

Action                   |  1- 3 |  4- 6 |  7- 9 | 10-12 | 13-15 | 16-18 | 19-21 || total
-------------------------+-------+-------+-------+-------+-------+-------+-------++-------
Melee: Unarmed           |    74 |   249 |   333 |   545 |   860 |   995 |   167 ||  3223
       Kick              |    10 |     7 |     3 |       |     1 |       |       ||    21
       Tailslap          |     4 |    23 |    23 |    37 |    89 |   144 |    25 ||   345
       Headbutt          |     4 |     8 |     1 |       |       |       |       ||    13
       Punch             |       |     4 |     4 |    15 |    33 |    67 |    15 ||   138
       Bite              |       |       |       |       |    68 |    97 |    22 ||   187
Throw: Stone             |     9 |       |     1 |       |       |       |       ||    10
 Cast: Beastly Appendage |     7 |     5 |     2 |       |     1 |       |       ||    15
       Wereblood         |     3 |     2 |       |     7 |     2 |       |       ||    14
       Spider Form       |       |    10 |     9 |       |       |       |       ||    19
       Ice Form          |       |       |    16 |    18 |    25 |     1 |       ||    60
       Blade Hands       |       |       |       |    48 |       |       |       ||    48
       Dragon Form       |       |       |       |     1 |    59 |    36 |    19 ||   115
       Statue Form       |       |       |       |       |    11 |    65 |    11 ||    87
Invok: Curse Item        |       |       |     1 |     5 |     1 |     1 |       ||     8
       Scrying           |       |       |       |       |       |     1 |       ||     1
 Abil: Breathe Acid      |       |       |     4 |     2 |    13 |     5 |       ||    24
       End Transformatio |       |       |       |     1 |     6 |     1 |       ||     8
Evoke: Wand              |       |       |     5 |     1 |       |     2 |       ||     8
  Use: Scroll            |     2 |     3 |     6 |    12 |     8 |    14 |     5 ||    50
       Potion            |       |     2 |     1 |     6 |    10 |     8 |       ||    27
 Stab: Sleeping          |       |       |       |       |     1 |     2 |       ||     3
Armor: Skin              |    11 |    35 |    58 |    94 |   234 |   402 |    82 ||   916
Dodge: Dodged            |    35 |   191 |   286 |   500 |   703 |  1439 |   222 ||  3376
Block: Other             |       |       |     3 |   137 |   188 |   322 |    44 ||   694
       Reflection        |       |       |       |     5 |    10 |    38 |     1 ||    54

Table legend: (Time is in decaauts)
 A = Elapsed time spent in this place.
 B = Non-inter-level travel time spent in this place.
 C = Inter-level travel time spent in this place.
 D = Time resting spent in this place.
 E = Time spent auto-exploring this place.
 F = Levels seen in this place.
 G = Mean time per level.
                   A        B        C        D        E       F      G
               +--------+--------+--------+--------+--------+-----+--------+
         Total |  49498 |  47140 |   2358 |   6869 |  32620 |  34 | 1455.8 |
       Dungeon |  18726 |  17768 |    958 |   1267 |  13740 |  15 | 1248.4 |
        Temple |    326 |    265 |     61 |      0 |    239 |   1 |  326.0 |
          Lair |  10624 |   9994 |    630 |   1906 |   6820 |   6 | 1770.7 |
        Shoals |   7484 |   7068 |    416 |   1220 |   4445 |   4 | 1871.0 |
     Snake Pit |   8204 |   7990 |    214 |   1523 |   5048 |   4 | 2051.0 |
  Orcish Mines |   2423 |   2376 |     47 |    798 |   1127 |   2 | 1211.5 |
        Depths |   1710 |   1681 |     29 |    153 |   1198 |   2 |  855.0 |
               +--------+--------+--------+--------+--------+-----+--------+

Top non-repeatable levels by time:
 Snake:4: 3845 daAuts
Shoals:4: 2899 daAuts
  Lair:6: 2674 daAuts
  Lair:4: 2040 daAuts
Shoals:3: 2019 daAuts
 Snake:3: 1947 daAuts
    D:15: 1911 daAuts
  Lair:3: 1749 daAuts
     D:9: 1728 daAuts
  Lair:5: 1702 daAuts
     D:8: 1690 daAuts
Depths:1: 1644 daAuts
Shoals:2: 1619 daAuts
     D:5: 1591 daAuts
 Snake:2: 1578 daAuts
